 Dungeon Crawl Stone Soup version 0.26.0-45-g9c1d065592 (webtiles) character file.

Game seed: 8933988795624596448

(classic levelgen) 421 thiole the Sneak (level 6, -1/39 HPs)
             Began as an Octopode Venom Mage on Jan 30, 2021.
             Slain by a killer bee (2 damage)
             ... on level 4 of the Dungeon.
             The game lasted 00:03:40 (3596 turns).

thiole the Sneak (Octopode Venom Mage)              Turns: 3596, Time: 00:03:40

Health: -1/39      AC:  8    Str:  7    XL:     6   Next: 94%
Magic:  9/9        EV: 13    Int: 19    God:
Gold:   102        SH:  0    Dex: 13    Spells: 8/9 levels left

rFire    . . .     SeeInvis +   e - +1 dagger (protect)
rCold    . . .     Faith    .   (no shield)
rNeg     . . .     Spirit   .   (helmet restricted)
rPois    .         Reflect  .   a - amulet of magic regeneration
rElec    +         Harm     .   i - ring of see invisible
rCorr    .         Rampage  .   s - ring of stealth
Will     .....                  (no ring)
Stlth    +++++.....             (no ring)
HPRegen  0.13/turn              (no ring)
MPRegen  0.36/turn              (no ring)
                                (no ring)
                                (no ring)

@: lethally poisoned (-1 -> -6), protection aura
A: almost no armour, stealthy swim, amphibious, 8 rings, constrict 8, camouflage
1, electricity resistance, wild magic 1, gelatinous body 1
a: no special abilities


You were on level 4 of the Dungeon.
You visited 1 branch of the dungeon, and saw 4 of its levels.

You collected 102 gold pieces.

Inventory:

Hand Weapons
 e - a +1 dagger of protection (weapon)
Jewellery
 a - an amulet of magic regeneration (around mantle)
 i - a ring of see invisible (left tentacle)
 s - a ring of stealth (right tentacle)
Wands
 o - a wand of flame (12)
Scrolls
 b - a scroll of noise {unknown}
 d - 5 scrolls of remove curse {unknown}
 h - 2 scrolls of enchant weapon {unknown}
 j - 2 scrolls of amnesia {unknown}
 m - 2 scrolls of identify {unknown}
 p - 3 scrolls of magic mapping {unknown}
 q - a scroll of random uselessness {unknown}
 r - 2 scrolls of enchant armour {unknown}
Potions
 c - a potion of mutation
 g - a potion of attraction {unknown}
 k - a potion of degeneration {unknown}
 l - a potion of lignification {unknown}
 n - 3 potions of curing {unknown}


   Skills:
 - Level 2.0 Fighting
 - Level 2.0 Dodging
 + Level 6.1 Stealth
 - Level 2.0 Spellcasting
 - Level 2.0 Conjurations
 - Level 2.0 Transmutations
 - Level 3.0 Fire Magic
 - Level 5.0 Poison Magic


You had 8 spell levels left.
You knew the following spells:

 Your Spells              Type           Power        Failure   Level
a - Sting                 Tmut/Pois      76%          7%          1

Your spell library contained the following spells:

 Spells                   Type           Power        Failure   Level
 Poisonous Vapours        Pois/Air       28%          13%         2
 Ignite Poison            Fire/Tmut/Pois 18%          19%         3
 Mephitic Cloud           Conj/Pois/Air  13%          28%         3
 Olgreb's Toxic Radiance  Pois           27%          30%         4


Dungeon Overview and Level Annotations

Branches:
Dungeon (4/15)
 Temple: D:4-7

Altars:


Innate Abilities, Weirdness & Mutations

You cannot wear most types of armour.
You are very stealthy in the water. (Stealth+)
You are amphibious.
You can wear up to eight rings at the same time.
You can use your tentacles to constrict eight enemies at once.
Your skin changes colour to match your surroundings (Stealth+).
Your rubbery body absorbs attacks. (AC +1, EV +1)
You are resistant to electric shocks. (rElec)
Your spells are a little harder to cast, but a little more powerful.


Message History

You feel insulated.
You feel less in control of your magic.
You constrict the killer bee.
You feel sick. The killer bee closely misses you.
The killer bee stings you but does no damage.
The killer bee misses you. The killer bee completely misses you.
You hit the killer bee.
You kill the killer bee!
You feel sick. The killer bee stings you.
* * * LOW HITPOINT WARNING * * *
The killer bee barely misses you.
Your Stealth skill increases to level 6!
You hit the killer bee. Your grab misses the killer bee.
Your squeeze misses the killer bee.
The killer bee is lightly wounded.
You feel sick. The killer bee stings you.
* * * LOW HITPOINT WARNING * * *
The killer bee stings you.
* * * LOW HITPOINT WARNING * * *
It was a potion of magic.
Magic courses through your body. The killer bee stings you.
You die...

............#.
.....(.<....#.
............#.>
............#..
............#...###+##+###
............#...#.........
............#...'.........
............###+#†........
................@y........
.................####+####
.................#
.................#
.................#.#
....####'#########.#
....+...............
....#..........>....
....#...............


You could see a killer bee.

Vanquished Creatures
  2 killer bees (D:4)
  A hound (D:2)
  A bullfrog skeleton (D:4)
  Terence (D:2)
  Natasha (thrice) (D:2)
  A worker ant (D:4)
  8 adders
  2 oozes (D:1)
  2 worms (D:2)
  2 dart slugs (D:2)
  4 leopard geckos
  4 giant cockroaches
  8 goblins
  6 hobgoblins
  2 quokkas (D:2)
  8 bats
  5 frilled lizards
  4 kobolds
  7 rats
71 creatures vanquished.

Notes
Turn   | Place    | Note
-------+----------+-------------------------------------------
     0 | D:1      | thiole the Octopode Venom Mage began the quest for the Orb.
     0 | D:1      | Reached XP level 1. HP: 11/11 MP: 3/3
   190 | D:1      | Reached XP level 2. HP: 11/17 MP: 0/5
   914 | D:1      | Reached skill level 5 in Poison Magic
   914 | D:1      | Reached XP level 3. HP: 18/22 MP: 1/6
  1453 | D:2      | Reached skill level 1 in Fighting
  1572 | D:2      | Reached skill level 3 in Stealth
  1572 | D:2      | Reached XP level 4. HP: 27/29 MP: 3/7
  1777 | D:2      | Reached skill level 4 in Stealth
  1824 | D:2      | Reached skill level 5 in Stealth
  1824 | D:2      | Reached XP level 5. HP: 31/34 MP: 5/8
  1883 | D:2      | Noticed Natasha
  1892 | D:2      | Killed Natasha
  1912 | D:2      | Noticed Terence
  1922 | D:2      | Killed Terence
  1923 | D:2      | Reached skill level 1 in Conjurations
  1923 | D:2      | Reached skill level 1 in Fire Magic
  1948 | D:2      | Noticed Natasha
  2347 | D:2      | Killed Natasha
  2353 | D:2      | Noticed Natasha
  2360 | D:2      | Killed Natasha
  2361 | D:2      | Reached XP level 6. HP: 18/39 MP: 5/9
  3593 | D:4      | Gained mutation: You are resistant to electric shocks.
                  | (rElec) [potion of mutation]
  3593 | D:4      | Gained mutation: Your spells are a little harder to cast,
                  | but a little more powerful. [potion of mutation]
  3595 | D:4      | Reached skill level 6 in Stealth
  3595 | D:4      | HP: 1/39 [killer bee (3)]
  3596 | D:4      | Slain by a killer bee

Illustrated notes

Levels and vault maps discovered:
D:1:      minmay_arrival_plants_in_alcoves, layout_basic, minmay_cupped
D:2:      layout_rooms, st_stairs_11, uniq_terence, uniq_natasha
D:3:      layout_basic, st_stairs_11, minmay_misc_feat_chi
D:4:      layout_gridville

Skill      XL: |  1  2  3  4  5  6 |
---------------+-------------------+-----
Poison Magic   | 4 5 |  5.0
Fighting       | 2 |  2.0
Stealth        | 3 5 6 |  6.1
Conjurations   | 1 2 |  2.0
Fire Magic     | 1 3 |  3.0
Transmutations | 2 |  2.0
Dodging        | |  2.0
Spellcasting   | |  2.0

Action                   |  1- 3 |  4- 6 || total
-------------------------+-------+-------++-------
Melee: Unarmed           |     4 |       ||     4
       Constrict         |     8 |    18 ||    26
       Dagger            |    18 |    51 ||    69
       Tentacles         |     1 |    10 ||    11
 Cast: Sting             |    52 |    75 ||   127
  Use: Potion            |       |     2 ||     2
 Stab: Sleeping          |       |     2 ||     2
Armor: Skin              |    11 |    15 ||    26
Dodge: Dodged            |    36 |    69 ||   105
